 Dungeon Sprint DCSS version 0.29-a0-214-g17f627cfee (webtiles) character file.

Game seed: 9184622621981493569

89530 xpp the Hoplite (level 15, -9/136 HPs)
             Began as a Gnoll Warper on Jan 25, 2022.
             Was the Champion of Kikubaaqudgha.
             Killed from afar by a quicksilver elemental (38 damage)
             ... with a bolt of dispelling energy
             ... in the Dungeon (Sprint V: "Ziggurat Sprint") on Feb 25, 2022.
             The game lasted 01:40:20 (4611 turns).

xpp the Hoplite (Gnoll Warper)                      Turns: 4611, Time: 01:40:20

Health: -9/136     AC: 48    Str: 15    XL:     15   Next: 97%
Magic:  46/46      EV:  7    Int: 20    God:    Kikubaaqudgha [******]
Gold:   744        SH: 32    Dex: 16    Spells: 14/50 levels left

rFire   + + +      SeeInvis +   K - +9 sword of Zonguldrok {reap}
rCold   + + .      Faith    .   w - +4 tower shield {AC+3}
rNeg    . . .      Spirit   .   u - +12 gold dragon scales "Betouwn" {rPois rF+ rC+ Int+2}
rPois   +          Reflect  +   (no helmet)
rElec   +          Harm     .   P - +2 cloak of the Thief {*Fog Slay-2 SInv Stlth+}
rCorr   +          Rampage  .   z - +2 pair of gloves {Str+3}
Will    +....      NoTele   +   A - +2 pair of boots "Buzuosaq" {rCorr}
Stlth   +.........              S - amulet "Reith" {Reflect +Inv rElec SH+5}
HPRegen 0.32/turn               y - ring "Boguz" {rElec rC+ MP+9 Int+6}
MPRegen 0.30/turn               W - ring "Sieclus" {Wiz rPois rF+++ Str-4 Dex+2}

@: mighty, studying 5 skills
A: fangs 1, strong nose, distributed training
a: Renounce Religion, Evoke Invisibility, Receive Corpses, Torment, Brand Weapon
With Pain, Receive Forbidden Knowledge


You were in the Dungeon.
You worshipped Kikubaaqudgha.
Kikubaaqudgha was exalted by your worship.
You visited 1 branch You collected 744 gold pieces.

Inventory:

Hand Weapons
 H - a +5 spectral demon blade
 J - the +7 Singing Sword {vorpal, sonic wave}
   (You found it in the Dungeon)

   It inflicts extra damage upon your enemies.
   It radiates damaging sonic waves as it strikes, especially in combat
   involving dangerous or numerous foes.
 K - the +9 sword of Zonguldrok (weapon) {reap}
   (You found it in the Dungeon)

   Any living foe damaged by it may be reanimated upon death as a zombie
   friendly to the wielder, with an increasing chance as more damage is dealt.
Missiles
 c - 4 boomerangs of dispersal (quivered)
Armour
 u - the +12 gold dragon scales "Betouwn" (worn) {rPois rF+ rC+ Int+2}
   (You found it in the Dungeon)

   Int:       It affects your intelligence (+2).
   rF:        It protects you from fire.
   rC:        It protects you from cold.
   rPois:     It protects you from poison.
 w - a +4 tower shield of protection (worn)
 z - a +2 pair of gloves of strength (worn)
 A - the +2 pair of boots "Buzuosaq" (worn) {rCorr}
   (You found it in the Dungeon)

   rCorr:     It protects you from acid and corrosion.
 P - the +2 cloak of the Thief (worn) {*Fog Slay-2 SInv Stlth+}
   (You found it in the Dungeon)

   It may release a thick cloud of smoke when the wearer is hurt.
   Slay:      It affects your accuracy & damage with ranged weapons and melee
   (-2).
   SInv:      It lets you see invisible.
   Stlth:     It makes you more stealthy.
Jewellery
 j - the ring of the Tortoise {AC+8}
   (You found it in the Dungeon)

   [ring of protection]

   AC:        It affects your AC (+8).
 y - the ring "Boguz" (left hand) {rElec rC+ MP+9 Int+6}
   (You found it in the Dungeon)

   [ring of intelligence]

   Int:       It affects your intelligence (+6).
   rC:        It protects you from cold.
   rElec:     It insulates you from electricity.
   MP:        It affects your magic capacity (+9).
 B - the macabre finger necklace {rN+}
   (You found it in the Dungeon)

   [amulet of nothing]

   It enables you to equip an extra ring.
   rN:        It protects you from negative energy.
 S - the amulet "Reith" (around neck) {Reflect +Inv rElec SH+5}
   (You found it in the Dungeon)

   [amulet of reflection]

   It reflects blocked missile attacks.
   rElec:     It insulates you from electricity.
   +Inv:      It lets you turn invisible.
   SH:        It affects your SH (+5).
 W - the ring "Sieclus" (right hand) {Wiz rPois rF+++ Str-4 Dex+2}
   (You found it in the Dungeon)

   [ring of wizardry]

   It improves your spell success rate.
   Str:       It affects your strength (-4).
   Dex:       It affects your dexterity (+2).
   rF:        It renders you almost immune to fire.
   rPois:     It protects you from poison.
 Z - the ring of Xom's Recklessness {AC+4 Str+3}
   (You found it in the Dungeon)

   [ring of protection]

   AC:        It affects your AC (+4).
   Str:       It affects your strength (+3).
Scrolls
 n - 4 scrolls of amnesia
 o - 7 scrolls of fog
 q - 5 scrolls of identify
 r - 2 scrolls of fear
 L - 4 scrolls of enchant weapon
Potions
 d - 6 potions of curing
 f - 5 potions of haste
 g - 7 potions of magic
 h - 3 potions of berserk rage
 i - 2 potions of brilliance
 k - a potion of resistance
 m - a potion of might
Miscellaneous
 a - a phial of floods
 b - a phantom mirror
 e - a phial of floods
 l - a phantom mirror
 p - a phial of floods
 s - a box of beasts
 t - a tin of tremorstones (2/2)
 v - a condenser vane
 x - a tin of tremorstones (2/2)
 C - a tin of tremorstones (2/2)
 D - a piece from Xom's chessboard (15/15)
 E - a tin of tremorstones (2/2)
 F - a tin of tremorstones (2/2)
 G - a box of beasts
 I - a lightning rod (2/4)
 M - a piece from Xom's chessboard (15/15)
 N - a lightning rod (2/4)
 O - a condenser vane
 Q - a box of beasts
 R - a lightning rod (2/4)
 T - a phantom mirror
 U - a box of beasts
 V - a condenser vane
 X - a box of beasts
 Y - a tin of tremorstones (2/2)


   Skills:
 + Level 18.1 Fighting
 + Level 17.5 Short Blades
 + Level 17.5 Long Blades
 + Level 18.3 Axes
 + Level 17.5 Maces & Flails
 + Level 17.5 Polearms
 + Level 17.5 Staves
 + Level 18.3 Slings
 + Level 17.5 Bows
 + Level 17.5 Crossbows
 + Level 17.7 Throwing
 + Level 17.7 Armour
 + Level 18.1 Dodging
 + Level 17.5 Stealth
 + Level 22.2 Shields
 + Level 18.1 Unarmed Combat
 + Level 18.2 Spellcasting
 + Level 14.9 Conjurations
 + Level 14.9 Hexes
 + Level 14.9 Summonings
 + Level 14.9 Necromancy
 + Level 15.8 Translocations
 + Level 14.9 Transmutations
 + Level 14.9 Fire Magic
 + Level 14.9 Ice Magic
 + Level 14.9 Air Magic
 + Level 14.9 Earth Magic
 + Level 14.9 Poison Magic
 + Level 21.8 Invocations
 + Level 17.5 Evocations


You had 14 spell levels left.
You knew the following spells:

 Your Spells              Type           Power      Damage    Failure   Level
a - Anguish               Hex/Necr       33%        N/A       4%          4
b - Agony                 Necr           67%        N/A       12%         5
c - Borgnjor's Vile Clut  Necr/Erth      33%        N/A       12%         5
d - Fire Storm            Conj/Fire      33%        8d9       100%        9
e - Manifold Assault      Tloc           69%        N/A       9%          5
f - Blink                 Tloc           100%       N/A       1%          2
g - Starburst             Conj/Fire      33%        6d10      52%         6

Your spell library contained the following spells:

 Spells                   Type           Power      Damage    Failure   Level
 Animate Skeleton         Necr           100%       N/A       1%          1
 Foxfire                  Conj/Fire      100%       2x1d9     1%          1
 Freeze                   Ice            100%       1d11      1%          1
 Magic Dart               Conj           100%       1d8       1%          1
 Pain                     Necr           100%       1d9       1%          1
 Slow                     Hex            100%       N/A       1%          1
 Sting                    Tmut/Pois      100%       1d8       1%          1
 Call Imp                 Summ           67%        N/A       1%          2
 Corpse Rot               Necr/Air       100%       N/A       1%          2
 Ensorcelled Hibernation  Hex/Ice        100%       N/A       1%          2
 Passwall                 Tmut/Erth      55%        N/A       1%          2
 Poisonous Vapours        Pois/Air       100%       N/A       1%          2
 Searing Ray              Conj           100%       2d8       1%          2
 Sublimation of Blood     Necr           67%        N/A       1%          2
 Wereblood                Tmut           67%        N/A       1%          2
 Call Canine Familiar     Summ           67%        N/A       1%          3
 Confusing Touch          Hex            67%        N/A       1%          3
 Conjure Flame            Conj/Fire      67%        6-21      1%          3
 Dazzling Flash           Conj/Hex       100%       N/A       1%          3
 Frozen Ramparts          Ice            100%       1d12      1%          3
 Gell's Gravitas          Tloc           69%        N/A       1%          3
 Ignite Poison            Fire/Tmut/Pois 67%        N/A       1%          3
 Inner Flame              Hex/Fire       67%        N/A       1%          3
 Lesser Beckoning         Tloc           69%        N/A       1%          3
 Mephitic Cloud           Conj/Pois/Air  67%        N/A       1%          3
 Ozocubu's Armour         Ice            67%        N/A       1%          3
 Portal Projectile        Hex/Tloc       100%       N/A       1%          3
 Spider Form              Tmut/Pois      67%        N/A       1%          3
 Stone Arrow              Conj/Erth      100%       3d13      1%          3
 Swiftness                Air            67%        N/A       1%          3
 Teleport Other           Tloc           69%        N/A       1%          3
 Vampiric Draining        Necr           67%        2d10      1%          3
 Iskenderun's Mystic Bla  Conj/Tloc      68%        2d14      3%          4
 Animate Armour           Summ/Erth      100%       N/A       4%          4
 Animate Dead             Necr           33%        N/A       4%          4
 Cause Fear               Hex            33%        N/A       4%          4
 Fulminant Prism          Conj/Hex       33%        3d16      4%          4
 Hailstorm                Conj/Ice       67%        3d14      4%          4
 Leda's Liquefaction      Hex/Erth       33%        N/A       4%          4
 Olgreb's Toxic Radiance  Pois           67%        N/A       4%          4
 Petrify                  Tmut/Erth      67%        N/A       4%          4
 Sticky Flame             Conj/Fire      67%        2d8       4%          4
 Summon Lightning Spire   Summ/Air       67%        N/A       4%          4
 Excruciating Wounds      Necr           33%        N/A       12%         5
 Fireball                 Conj/Fire      33%        3d14      12%         5
 Freezing Cloud           Conj/Ice/Air   33%        6-21      12%         5
 Lee's Rapid Deconstruct  Erth           33%        3d18*     12%         5
 Metabolic Englaciation   Hex/Ice        33%        N/A       12%         5
 Silence                  Hex/Air        33%        N/A       12%         5
 Yara's Violent Unravell  Hex/Tmut       33%        3d14      12%         5
 Death Channel            Necr           33%        N/A       52%         6
 Eringya's Noxious Bog    Tmut/Pois      33%        N/A       52%         6
 Simulacrum               Ice/Necr       33%        N/A       52%         6
 Statue Form              Tmut/Erth      44%        N/A       52%         6
 Dragon Form              Tmut           33%        N/A       97%         7
 Haunt                    Necr/Summ      33%        N/A       97%         7
 Ozocubu's Refrigeration  Ice            33%        4d11      97%         7
 Storm Form               Tmut/Air       33%        N/A       97%         7
 Summon Hydra             Summ           33%        N/A       97%         7
 Disjunction              Tloc           34%        N/A       100%        8
 Ignition                 Fire           33%        3d10      100%        8
 Infestation              Necr           33%        N/A       100%        8
 Lehudib's Crystal Spear  Conj/Erth      33%        10d9      100%        8
 Maxwell's Capacitive Co  Air            33%        ∞         100%        8
 Chain Lightning          Conj/Air       33%        3d44      100%        9
 Death's Door             Necr           33%        N/A       100%        9
 Dragon's Call            Summ           33%        N/A       100%        9
 Polar Vortex             Ice            33%        N/A       100%        9
 Shatter                  Erth           33%        3d27*     100%        9


Dungeon Overview and Level Annotations

Branches:
Dungeon (1/1)

Altars:
Ashenzari
Cheibriados
Dithmenos
Elyvilon
Fedhas
Gozag
Hepliaklqana
Kikubaaqudgha
Makhleb
Nemelex Xobeh
Okawaru
Qazlal
Ru
Sif Muna
Trog
Uskayaw
Vehumet
Wu Jian
Xom
Yredelemnul
Zin
The Shining One
Beogh
Jiyva
Lugonu


Innate Abilities, Weirdness & Mutations

You have very sharp teeth.
Your uncanny sense of smell can sniff out nearby items.
Your experience applies equally to all skills.


Message History

The bolt of dispelling energy hits you but does no damage.
The ancient champion mumbles some strange words.
The ancient champion seems to speed up.
The quicksilver elemental breathes dispelling energy at you.
The bolt of dispelling energy misses you.
The iron giant moves out of view.
The quicksilver elemental breathes dispelling energy at you.
The bolt of dispelling energy hits you!!
A quicksilver elemental comes into view.
You see here a centaur corpse.
Saving game... please wait.
Welcome back, xpp the Gnoll Warper.
Kikubaaqudgha says: Spread unending torment and darkness!
Press ? for a list of commands and other information.
Welcome back, xpp the Gnoll Warper.
Kikubaaqudgha says: Spread unending torment and darkness!
Press ? for a list of commands and other information.
Cast which spell? (? or * to list)
Okay, then.
Nothing appears to happen.
The quicksilver elemental breathes dispelling energy at you.
The bolt of dispelling energy hits you!
You feel protected.
The quicksilver elemental breathes dispelling energy at you.
The bolt of dispelling energy hits you but does no damage.
Your magical effects are unravelling.
The quicksilver elemental completely misses you.
You block the quicksilver elemental's attack.
You block the caustic shrike's attack.
You feel very mighty all of a sudden.
Your resistance to elements expires.
The quicksilver elemental hits you but does no damage.
The caustic shrike claws you but does no damage.
The quicksilver elemental breathes dispelling energy at you.
The bolt of dispelling energy hits you!!
Your magical effects are unravelling.
* * * LOW HITPOINT WARNING * * *
The quicksilver elemental breathes dispelling energy at you.
The bolt of dispelling energy hits you!!!
You die...
Kikubaaqudgha rasps: "You have failed me!
Welcome... death!"

...z.....E.E...
▓.......
...E...........
▓.......
....E..........
▓.......
......§§§......
▓......[
....§.§§§§.....
▓...▓...
...▓§§§§§§.▓...
..▓▓▓.. ..
▓▓§§§§§▓▓ ..
...▓...
...▓§zEEb§.▓...
.......
....§bE@§§.....
.......
....§.§§†......
▓▓▓▓▓▓▓
.......©.§.....
▓▓▓▓▓▓▓▓▓▓▓▓▓▓▓
∆∆∆∆∆∆ ∆∆∆∆∆∆
∆∆∆∆∆∆∆∆∆∆∆∆∆∆∆
∆∆∆∆∆∆
∆∆∆∆∆∆∆∆∆∆∆∆∆∆∆
∆∆∆∆∆∆∆∆∆∆∆∆∆∆∆


You could see 2 caustic shrikes, 3 quicksilver elementals and an ancient
champion (fast).

Vanquished Creatures
  A dread lich (D)
  A shard shrike (D)
  An Ice Fiend (D)
  2 azure jellies (D)
  A nargun (D)
  2 nagarajas (D)
  2 rockslimes (D)
  A ghost moth (D)
  An ironbound preserver (D)
  A quicksilver ooze (shapeshifter) (D)
  A broodmother (D)
  A spriggan defender (D)
  A wendigo (D)
  An eleionoma (shapeshifter) (D)
  3 vampire knights (D)
  A minotaur (shapeshifter) (D)
  A spark wasp (D)
  4 fire dragons (D)
  3 ice dragons (D)
  2 boulder beetles (D)
  4 naga warriors (D)
  A great orb of eyes (D)
  5 hydras (D)
  A jorogumo (shapeshifter) (D)
  A radroach (D)
  4 spriggan air magi (D)
  A jorogumo (D)
  A death yak (D)
  A two-headed ogre (shapeshifter) (D)
  2 anacondas (D)
  4 spriggan berserkers (D)
  6 pharaoh ants (D)
  A sea snake (shapeshifter) (D)
  3 skeletal warriors (D)
  A fire crab (shapeshifter) (D)
  2 sun moths (D)
  A glowing orange brain (shapeshifter) (D)
  3 orb spiders (D)
  2 spriggan druids (D)
  5 swamp dragons (D)
  A deep elf archer (D)
  A deep elf pyromancer (D)
  A deep elf zephyrmancer (D)
  A mana viper (shapeshifter) (D)
  3 necromancers (D)
  3 wolf spiders (D)
  A manticore (shapeshifter) (D)
  A salamander (shapeshifter) (D)
  A cyclops (shapeshifter) (D)
  2 draconians (D)
  5 black mambas (D)
  2 elephants (D)
  3 guardian serpents (D)
  3 moths of wrath (D)
  A black mamba (shapeshifter) (D)
  A vault sentinel (D)
  7 naga magi (D)
  A water nymph (shapeshifter) (D)
  2 cane toads (D)
  A torpor snail (shapeshifter) (D)
  An eye of devastation (shapeshifter) (D)
  A cane toad (shapeshifter) (D)
  2 hellions (D)
  2 rime drakes (D)
  A torpor snail (D)
  4 freezing wraiths (D)
  A demonic crawler (D)
  2 komodo dragons (D)
  3 hornets (D)
  2 meliai (D)
  2 polar bears (shapeshifter) (D)
  A tarantella (shapeshifter) (D)
  A slime creature (shapeshifter) (D)
  A dream sheep (D)
  A tarantella (D)
  6 slime creatures (D)
  2 blink frogs (D)
  A culicivora (shapeshifter) (D)
  3 jumping spiders (D)
  A vampire (D)
  2 spriggans (shapeshifter) (D)
  An air elemental (D)
  3 wyverns (D)
  5 shadows (D)
  5 yaks (D)
  4 basilisks (D)
  A basilisk (shapeshifter) (D)
  2 redbacks (D)
  6 nagas (D)
  A swamp drake (D)
  13 water moccasins (D)
  A floating eye (D)
  A hell hound (D)
  2 necrophages (D)
  A wolf (D)
  2 scorpions (D)
  A bullfrog (D)
  2 wights (D)
  A crimson imp (D)
  A quasit (D)
  6 jellies (D)
  3 iguanas (D)
  6 adders (D)
  A river rat (D)
  3 adder skeletons (D)
  2 adder simulacra (D)
  A bat zombie (D)
  4 endoplasms (D)
  2 jackals (D)
  4 ball pythons (D)
  4 ball python simulacra (D)
  A ball python zombie (D)
  3 bat simulacra (D)
  2 giant cockroach simulacra (D)
  A quokka simulacrum (D)
  A quokka zombie (D)
258 creatures vanquished.

Vanquished Creatures (collateral kills)
  A fire giant (shapeshifter) (D)
  An emperor scorpion (shapeshifter) (D)
  An entropy weaver (D)
  A great orb of eyes (D)
  A two-headed ogre (shapeshifter) (D)
  An orb spider (shapeshifter) (D)
  A steelbarb worm (D)
  A harpy (shapeshifter) (D)
  An unseen horror (shapeshifter) (D)
  A slime creature (D)
  A fire bat (shapeshifter) (D)
  A golden eye (shapeshifter) (D)
  A swamp drake (D)
  A necrophage (D)
  A giant cockroach zombie (D)
15 creatures vanquished.

Vanquished Creatures (others)
  An adder simulacrum (D)
  A bat simulacrum (D)
2 creatures vanquished.

Grand Total: 275 creatures vanquished

Notes
Turn   | Place    | Note
-------+----------+-------------------------------------------
     0 | D        | xpp the Gnoll Warper began the quest for the Orb.
     0 | D        | Reached XP level 1. HP: 20/20 MP: 6/6
     0 | D        | Found a shimmering blue altar of Sif Muna.
     0 | D        | Found a sacrificial altar of Ru.
     0 | D        | Found a bloodstained altar of Trog.
     0 | D        | Found a stormy altar of Qazlal.
     0 | D        | Found an iron altar of Okawaru.
     0 | D        | Found a sparkling altar of Nemelex Xobeh.
     0 | D        | Found a blossoming altar of Fedhas.
     0 | D        | Found the +6 Majin-Bo {vamp, MP+6 Int+6}
     0 | D        | Found the +9 heavy crossbow "Sniper" {vorpal, Acc+∞ SInv}
     0 | D        | Found the +10 dark maul {vorpal}
     0 | D        | Found the +15 Maxwell's patent armour {-Cast -Tele rElec
                  | Will+ rCorr}
     0 | D        | Found the +18 shield of the Gong {rElec rN+ Will+ EV-5}
     0 | D        | Found the +14 obsidian axe {vorpal, Mesm Drain Fly SInv}
     0 | D        | Found the +7 great mace "Firestarter" {inner flame, rF++}
     0 | D        | Found the +6 shillelagh "Devastator" {shatter}
     0 | D        | Found the +11 plutonium sword {Contam Stlth-}
     0 | D        | Found the +8 lance "Wyrmbane" {slay drac, rPois rF+ rC+
                  | AC+3}
     0 | D        | Found the +9 sword of Zonguldrok {reap}
     0 | D        | Found the +13 scythe of Curses {drain, Drain}
     0 | D        | Found the +5 sword of Power {vorpal}
     0 | D        | Found the +7 mace of Variability {chain chaos}
     0 | D        | Found the +7 Singing Sword {vorpal, sonic wave}
     0 | D        | Found the +8 storm bow {elec, penet}
     2 | D        | Found a transporter.
     2 | D        | Found an ancient bone altar of Kikubaaqudgha.
     2 | D        | Found a viscous altar of Jiyva.
     2 | D        | Found a corrupted altar of Lugonu.
     2 | D        | Found a hazy altar of Hepliaklqana.
     2 | D        | Found a burning altar of Makhleb.
     2 | D        | Found an opulent altar of Gozag.
    44 | D        | Became a worshipper of Kikubaaqudgha
    62 | D        | Reached skill level 5 in Fighting
    62 | D        | Reached skill level 5 in Dodging
    62 | D        | Reached skill level 2 in Shields
    62 | D        | Reached skill level 5 in Unarmed Combat
    62 | D        | Reached skill level 5 in Spellcasting
    62 | D        | Reached skill level 1 in Conjurations
    62 | D        | Reached skill level 1 in Hexes
    62 | D        | Reached skill level 1 in Summonings
    62 | D        | Reached skill level 1 in Necromancy
    62 | D        | Reached skill level 1 in Transmutations
    62 | D        | Reached skill level 1 in Fire Magic
    62 | D        | Reached skill level 1 in Ice Magic
    62 | D        | Reached skill level 1 in Air Magic
    62 | D        | Reached skill level 1 in Earth Magic
    62 | D        | Reached skill level 1 in Poison Magic
    62 | D        | Reached XP level 2. HP: 27/27 MP: 6/8
    81 | D        | Entered arena 2.
    81 | D        | Noticed a draconian
    81 | D        | Noticed a draconian
    81 | D        | Found a transporter.
    85 | D        | Killed a draconian
    86 | D        | Reached skill level 5 in Short Blades
    86 | D        | Reached skill level 5 in Long Blades
    86 | D        | Reached skill level 5 in Axes
    86 | D        | Reached skill level 5 in Maces & Flails
    86 | D        | Reached skill level 5 in Polearms
    86 | D        | Reached skill level 5 in Staves
    86 | D        | Reached skill level 5 in Slings
    86 | D        | Reached skill level 5 in Bows
    86 | D        | Reached skill level 5 in Crossbows
    86 | D        | Reached skill level 5 in Throwing
    86 | D        | Reached skill level 5 in Armour
    86 | D        | Reached skill level 5 in Stealth
    86 | D        | Reached skill level 5 in Shields
    86 | D        | Reached skill level 5 in Invocations
    86 | D        | Reached skill level 5 in Evocations
    86 | D        | Reached XP level 3. HP: 29/35 MP: 8/11
    86 | D        | Reached XP level 4. HP: 34/41 MP: 9/13
    86 | D        | Reached XP level 5. HP: 40/47 MP: 9/14
    86 | D        | Reached XP level 6. HP: 45/53 MP: 10/16
    91 | D        | Killed a draconian
    92 | D        | Reached XP level 7. HP: 52/60 MP: 11/18
   134 | D        | Entered arena 3.
   134 | D        | Noticed a great orb of eyes
   134 | D        | Noticed an ironbound preserver
   134 | D        | Noticed a vault sentinel
   134 | D        | Found a transporter.
   145 | D        | Paralysed by a great orb of eyes for 3 turns
   151 | D        | Paralysed by a great orb of eyes for 2 turns
   153 | D        | Killed a great orb of eyes
   153 | D        | Reached * piety under Kikubaaqudgha
   153 | D        | Received a gift from Kikubaaqudgha
   154 | D        | Reached skill level 6 in Shields
   154 | D        | Reached skill level 5 in Conjurations
   154 | D        | Reached skill level 5 in Hexes
   154 | D        | Reached skill level 5 in Summonings
   154 | D        | Reached skill level 5 in Necromancy
   154 | D        | Reached skill level 5 in Transmutations
   154 | D        | Reached skill level 5 in Fire Magic
   154 | D        | Reached skill level 5 in Ice Magic
   154 | D        | Reached skill level 5 in Air Magic
   154 | D        | Reached skill level 5 in Earth Magic
   154 | D        | Reached skill level 5 in Poison Magic
   154 | D        | Reached XP level 8. HP: 44/68 MP: 13/20
   154 | D        | Killed an ironbound preserver
   155 | D        | Reached skill level 7 in Shields
   155 | D        | Reached XP level 9. HP: 49/75 MP: 13/22
   161 | D        | Killed a vault sentinel
   333 | D        | Got the Grimoire of Torrid Dark Arts
   349 | D        | Entered arena 4.
   349 | D        | Found a transporter.
   351 | D        | Reached ** piety under Kikubaaqudgha
   356 | D        | Reached skill level 8 in Shields
   410 | D        | Entered arena 5.
   410 | D        | Noticed a deep elf pyromancer
   410 | D        | Noticed a deep elf zephyrmancer
   410 | D        | Noticed a deep elf archer
   410 | D        | Found a transporter.
   411 | D        | Paralysed by an air elemental for 1 turns
   413 | D        | Reached *** piety under Kikubaaqudgha
   413 | D        | Received a gift from Kikubaaqudgha
   413 | D        | Killed a deep elf pyromancer
   413 | D        | Killed a deep elf archer
   414 | D        | Reached skill level 10 in Spellcasting
   414 | D        | Reached XP level 10. HP: 33/85 MP: 22/24
   416 | D        | Killed a deep elf zephyrmancer
   417 | D        | Reached skill level 10 in Fighting
   417 | D        | Reached skill level 10 in Dodging
   417 | D        | Reached skill level 10 in Unarmed Combat
   640 | D        | Entered arena 6.
   640 | D        | Found a transporter.
   641 | D        | Reached **** piety under Kikubaaqudgha
   644 | D        | Reached skill level 9 in Shields
   646 | D        | Reached ***** piety under Kikubaaqudgha
   678 | D        | Entered arena 7.
   678 | D        | Noticed a black mamba
   678 | D        | Noticed a naga mage
   678 | D        | Noticed a naga mage
   681 | D        | Killed a black mamba
   682 | D        | Killed a naga mage
   682 | D        | Killed a naga mage
   683 | D        | Reached skill level 10 in Invocations
   686 | D        | Found a transporter.
   706 | D        | Entered arena 8.
   711 | D        | Reached ****** piety under Kikubaaqudgha
   716 | D        | Found a transporter.
   769 | D        | Got the ring "Agion" {Fire rElec Int+4}
   783 | D        | Learned a level 4 spell: Anguish
   789 | D        | Learned a level 5 spell: Agony
   795 | D        | Learned a level 5 spell: Borgnjor's Vile Clutch
   805 | D        | Learned a level 9 spell: Fire Storm
   811 | D        | Learned a level 5 spell: Manifold Assault
   814 | D        | Learned a level 2 spell: Blink
   816 | D        | Entered arena 9.
   816 | D        | Noticed a naga mage
   816 | D        | Noticed a black mamba
   820 | D        | Killed a black mamba
   821 | D        | Reached skill level 10 in Throwing
   821 | D        | Reached skill level 10 in Armour
   821 | D        | Reached XP level 11. HP: 92/92 MP: 25/25
   827 | D        | Found a transporter.
   841 | D        | Got the +12 gold dragon scales "Betouwn" {rPois rF+ rC+
                  | Int+2}
   856 | D        | Entered arena 10.
   860 | D        | Reached skill level 10 in Translocations
   861 | D        | Reached skill level 10 in Short Blades
   861 | D        | Reached skill level 10 in Long Blades
   861 | D        | Reached skill level 10 in Axes
   861 | D        | Reached skill level 10 in Maces & Flails
   861 | D        | Reached skill level 10 in Polearms
   861 | D        | Reached skill level 10 in Staves
   861 | D        | Reached skill level 10 in Slings
   861 | D        | Reached skill level 10 in Bows
   861 | D        | Reached skill level 10 in Crossbows
   861 | D        | Reached skill level 10 in Stealth
   861 | D        | Reached skill level 10 in Shields
   861 | D        | Reached skill level 10 in Evocations
   962 | D        | Found a transporter.
   968 | D        | Got the ring "Giegutir" {rElec rC- EV+4 Int+2}
   970 | D        | Got the ring "Boguz" {rElec rC+ MP+9 Int+6}
  1012 | D        | Entered arena 11.
  1049 | D        | Found a transporter.
  1065 | D        | Got the ring "Kyppueni" {Will+ Int+3 Dex+3}
  1085 | D        | Entered arena 12.
  1085 | D        | Noticed an Ice Fiend
  1086 | D        | Noticed a nargun
  1095 | D        | Killed an Ice Fiend
  1096 | D        | Reached skill level 11 in Shields
  1097 | D        | Killed a nargun
  1443 | D        | Found a transporter.
  1455 | D        | Entered arena 13.
  1455 | D        | Noticed an orb spider
  1455 | D        | Noticed a spark wasp
  1455 | D        | Noticed a moth of wrath
  1455 | D        | Noticed a pharaoh ant
  1455 | D        | Noticed a wolf spider
  1455 | D        | Noticed a pharaoh ant
  1455 | D        | Noticed a sun moth
  1455 | D        | Noticed a wolf spider
  1457 | D        | Killed a pharaoh ant
  1457 | D        | Noticed a pharaoh ant
  1460 | D        | Killed a moth of wrath
  1460 | D        | Killed a wolf spider
  1461 | D        | Reached skill level 12 in Shields
  1461 | D        | Killed a pharaoh ant
  1461 | D        | Killed a wolf spider
  1461 | D        | Killed an orb spider
  1461 | D        | Killed a spark wasp
  1462 | D        | Reached XP level 12. HP: 49/103 MP: 28/28
  1464 | D        | Reached skill level 13 in Shields
  1707 | D        | Found a transporter.
  1744 | D        | Learned a level 6 spell: Starburst
  1746 | D        | Entered arena 14.
  1748 | D        | Noticed a vampire knight
  1749 | D        | Identified the ring of Dustoluf {Fire rN+}
  1759 | D        | Reached skill level 10 in Conjurations
  1759 | D        | Reached skill level 10 in Hexes
  1759 | D        | Reached skill level 10 in Summonings
  1759 | D        | Reached skill level 10 in Necromancy
  1759 | D        | Reached skill level 10 in Transmutations
  1759 | D        | Reached skill level 10 in Fire Magic
  1759 | D        | Reached skill level 10 in Ice Magic
  1759 | D        | Reached skill level 10 in Air Magic
  1759 | D        | Reached skill level 10 in Earth Magic
  1759 | D        | Reached skill level 10 in Poison Magic
  1769 | D        | Found a transporter.
  1818 | D        | Killed a vampire knight
  2188 | D        | Got the Papyrus of Freezing Earth
  2202 | D        | Entered arena 15.
  2203 | D        | Noticed a vampire knight
  2203 | D        | Found the +9 staff of Wucad Mu {*channel}
  2203 | D        | Noticed a vampire knight
  2214 | D        | Reached skill level 14 in Shields
  2214 | D        | Paralysed by something for 7 turns
  2226 | D        | Found a transporter.
  2254 | D        | Killed a vampire knight
  2262 | D        | Killed a vampire knight
  2263 | D        | Reached XP level 13. HP: 47/111 MP: 30/30
  2494 | D        | Entered arena 16.
  2495 | D        | Noticed a nagaraja
  2495 | D        | Noticed a naga warrior
  2497 | D        | Noticed a naga warrior
  2502 | D        | Killed a nagaraja
  2503 | D        | Reached skill level 15 in Shields
  2506 | D        | Killed a naga warrior
  2511 | D        | Killed a naga warrior
  2821 | D        | Found the +2 cloak of the Thief {*Fog Slay-2 SInv Stlth+}
  2822 | D        | Found a transporter.
  2830 | D        | Got the ring "Xuhaogae" {Fire rElec}
  2837 | D        | Got the Volume of Execration and Transmutation
  2856 | D        | Entered arena 17.
  2859 | D        | Noticed a shard shrike
  2859 | D        | Noticed a dread lich
  2861 | D        | Noticed a wendigo
  2862 | D        | Paralysed by a wendigo for 1 turns
  2866 | D        | Killed a shard shrike
  2873 | D        | Killed a wendigo
  2875 | D        | Reached skill level 16 in Shields
  2875 | D        | Noticed a blizzard demon
  2876 | D        | Killed a dread lich
  3137 | D        | Found a transporter.
  3143 | D        | Got the Almanac of Poison and Necromancy
  3155 | D        | Got the amulet "Reith" {Reflect +Inv rElec SH+5}
  3173 | D        | Entered arena 18.
  3176 | D        | Noticed a rockslime
  3176 | D        | Noticed a rockslime
  3176 | D        | Noticed a great orb of eyes
  3176 | D        | Noticed an azure jelly
  3180 | D        | Noticed an azure jelly
  3181 | D        | Killed an azure jelly
  3182 | D        | Reached skill level 15 in Invocations
  3184 | D        | Killed a great orb of eyes
  3194 | D        | Killed an azure jelly
  3195 | D        | Reached skill level 17 in Shields
  3195 | D        | Reached XP level 14. HP: 96/121 MP: 32/32
  3198 | D        | Found the +8 whip "Snakebite" {venom, curare, rPois}
  3199 | D        | Found a transporter.
  3206 | D        | Killed a rockslime
  3207 | D        | Reached skill level 15 in Spellcasting
  3210 | D        | Killed a rockslime
  3256 | D        | Acquired 744 gold pieces
  3288 | D        | Entered arena 19.
  3291 | D        | Noticed a nagaraja
  3295 | D        | Reached skill level 15 in Fighting
  3295 | D        | Reached skill level 15 in Dodging
  3295 | D        | Reached skill level 15 in Unarmed Combat
  3298 | D        | Killed a nagaraja
  3311 | D        | Found a transporter.
  3478 | D        | Got the ring "Sieclus" {Wiz rPois rF+++ Str-4 Dex+2}
  3483 | D        | Got the ring "Onenlyr" {rC+ Str+4}
  3492 | D        | Got the ring "Omivvyf" {Drain Fly rN+ AC+4 Dex+2}
  3505 | D        | Entered arena 20.
  3516 | D        | Reached skill level 18 in Shields
  3517 | D        | Reached skill level 15 in Throwing
  3517 | D        | Reached skill level 15 in Armour
  3518 | D        | Reached skill level 15 in Short Blades
  3518 | D        | Reached skill level 15 in Long Blades
  3518 | D        | Reached skill level 15 in Axes
  3518 | D        | Reached skill level 15 in Maces & Flails
  3518 | D        | Reached skill level 15 in Polearms
  3518 | D        | Reached skill level 15 in Staves
  3518 | D        | Reached skill level 15 in Slings
  3518 | D        | Reached skill level 15 in Bows
  3518 | D        | Reached skill level 15 in Crossbows
  3518 | D        | Reached skill level 15 in Stealth
  3518 | D        | Reached skill level 15 in Evocations
  3520 | D        | Reached skill level 19 in Shields
  3541 | D        | Found a transporter.
  3556 | D        | Got Vuamemau's Compendium of the Dislocated Mountains
  3577 | D        | Entered arena 21.
  3582 | D        | Found the macabre finger necklace {rN+}
  3583 | D        | Noticed a broodmother
  3584 | D        | Noticed an entropy weaver
  3590 | D        | Killed a broodmother
  3591 | D        | Reached XP level 15. HP: 61/132 MP: 35/35
  3605 | D        | Reached skill level 20 in Shields
  3606 | D        | Noticed a ghost moth
  3610 | D        | Killed a ghost moth
  3665 | D        | Found a transporter.
  3890 | D        | Got the Tome of Snow and Heat
  3904 | D        | Got the +2 pair of boots "Buzuosaq" {rCorr}
  3914 | D        | Entered arena 22.
  3924 | D        | Identified the ring of Kaoraugh {Fire Will- Str+4 Dex+4}
  3928 | D        | Reached skill level 15 in Translocations
  3937 | D        | Identified the ring of Brilliance {Dex+6 Slay+4}
  3950 | D        | Reached skill level 21 in Shields
  3951 | D        | Identified the ring "Ceppeo" {rF- Int+6 Dex+4 SInv}
  4101 | D        | Found a transporter.
  4125 | D        | Entered arena 23.
  4132 | D        | Noticed a glowing shapeshifter
  4132 | D        | Noticed a shard shrike
  4132 | D        | Noticed a shard shrike
  4132 | D        | Noticed a shard shrike
  4133 | D        | Noticed a glowing shapeshifter
  4133 | D        | Noticed a rockslime
  4133 | D        | a glowing shapeshifter changed into a rockslime
  4133 | D        | Noticed a titan
  4133 | D        | a shard shrike changed into a titan
  4133 | D        | Noticed a juggernaut
  4133 | D        | a shard shrike changed into a juggernaut
  4134 | D        | Noticed a shard shrike
  4134 | D        | a glowing shapeshifter changed into a shard shrike
  4134 | D        | Noticed a juggernaut
  4134 | D        | a shard shrike changed into a juggernaut
  4134 | D        | Noticed a shard shrike
  4134 | D        | a rockslime changed into a shard shrike
  4134 | D        | Noticed a juggernaut
  4134 | D        | a titan changed into a juggernaut
  4134 | D        | Noticed a rockslime
  4134 | D        | a juggernaut changed into a rockslime
  4134 | D        | Noticed a juggernaut
  4134 | D        | a rockslime changed into a juggernaut
  4135 | D        | Noticed a rockslime
  4135 | D        | a shard shrike changed into a rockslime
  4136 | D        | Noticed a caustic shrike
  4136 | D        | a juggernaut changed into a caustic shrike
  4136 | D        | Noticed an acid blob
  4136 | D        | a caustic shrike changed into an acid blob
  4136 | D        | Noticed a sphinx
  4136 | D        | a juggernaut changed into a sphinx
  4136 | D        | Noticed a juggernaut
  4136 | D        | Noticed a caustic shrike
  4138 | D        | Noticed an iron dragon
  4138 | D        | a juggernaut changed into an iron dragon
  4138 | D        | a sphinx changed into an iron troll
  4139 | D        | Noticed a caustic shrike
  4139 | D        | a rockslime changed into a caustic shrike
  4139 | D        | Noticed a frost giant
  4139 | D        | an acid blob changed into a frost giant
  4140 | D        | a caustic shrike changed into a great orb of eyes
  4140 | D        | Noticed a frost giant
  4140 | D        | a shard shrike changed into a frost giant
  4142 | D        | a juggernaut changed into an alligator snapping turtle
  4142 | D        | Noticed a sphinx
  4142 | D        | a frost giant changed into a sphinx
  4143 | D        | Noticed an iron dragon
  4143 | D        | Found the ring of the Tortoise {AC+8}
  4143 | D        | Noticed a rockslime
  4143 | D        | an iron dragon changed into a rockslime
  4143 | D        | Noticed an emperor scorpion
  4143 | D        | a frost giant changed into an emperor scorpion
  4143 | D        | Killed an emperor scorpion
  4144 | D        | Noticed a titan
  4144 | D        | a rockslime changed into a titan
  4146 | D        | Noticed a golden dragon
  4146 | D        | an iron dragon changed into a golden dragon
  4148 | D        | Noticed a rockslime
  4148 | D        | a titan changed into a rockslime
  4148 | D        | Noticed a quicksilver dragon
  4148 | D        | an iron troll changed into a quicksilver dragon
  4150 | D        | Noticed a fenstrider witch
  4150 | D        | a sphinx changed into a fenstrider witch
  4150 | D        | Noticed a shadow dragon
  4150 | D        | a caustic shrike changed into a shadow dragon
  4151 | D        | Noticed a titan
  4151 | D        | a rockslime changed into a titan
  4151 | D        | Noticed a fire giant
  4151 | D        | a quicksilver dragon changed into a fire giant
  4152 | D        | Noticed a shadow dragon
  4152 | D        | a fenstrider witch changed into a shadow dragon
  4153 | D        | Noticed a juggernaut
  4153 | D        | a titan changed into a juggernaut
  4153 | D        | Noticed a fenstrider witch
  4153 | D        | an alligator snapping turtle changed into a fenstrider
                  | witch
  4153 | D        | a shadow dragon changed into an iron troll
  4154 | D        | a golden dragon changed into an iron troll
  4154 | D        | Noticed a frost giant
  4154 | D        | a fenstrider witch changed into a frost giant
  4155 | D        | Noticed a titan
  4155 | D        | a juggernaut changed into a titan
  4155 | D        | Noticed a frost giant
  4155 | D        | an iron troll changed into a frost giant
  4155 | D        | a fire giant changed into a dire elephant
  4157 | D        | a frost giant changed into a stone giant
  4158 | D        | Noticed a fenstrider witch
  4158 | D        | a frost giant changed into a fenstrider witch
  4158 | D        | Noticed an acid blob
  4158 | D        | a shadow dragon changed into an acid blob
  4158 | D        | Noticed a storm dragon
  4158 | D        | a dire elephant changed into a storm dragon
  4159 | D        | Noticed a quicksilver dragon
  4159 | D        | a fenstrider witch changed into a quicksilver dragon
  4160 | D        | a quicksilver dragon changed into a death yak
  4161 | D        | Noticed a caustic shrike
  4161 | D        | an acid blob changed into a caustic shrike
  4163 | D        | Noticed an iron giant
  4163 | D        | a titan changed into an iron giant
  4163 | D        | Noticed a ghost moth
  4163 | D        | a death yak changed into a ghost moth
  4163 | D        | Noticed a quicksilver dragon
  4163 | D        | an iron troll changed into a quicksilver dragon
  4163 | D        | Noticed an azure jelly
  4163 | D        | a storm dragon changed into an azure jelly
  4164 | D        | a ghost moth changed into a bunyip
  4164 | D        | a caustic shrike changed into a stone giant
  4164 | D        | an azure jelly changed into an iron troll
  4165 | D        | a quicksilver dragon changed into an iron troll
  4167 | D        | Noticed a frost giant
  4167 | D        | an alligator snapping turtle changed into a frost giant
  4170 | D        | Noticed a fire giant
  4170 | D        | a frost giant changed into a fire giant
  4170 | D        | Noticed an acid blob
  4173 | D        | Noticed a fire giant
  4173 | D        | an alligator snapping turtle changed into a fire giant
  4173 | D        | Noticed a frost giant
  4173 | D        | a fire giant changed into a frost giant
  4175 | D        | Noticed a quicksilver dragon
  4175 | D        | a fire giant changed into a quicksilver dragon
  4175 | D        | a frost giant changed into an eleionoma
  4176 | D        | Reached skill level 22 in Shields
  4176 | D        | Noticed an azure jelly
  4176 | D        | a quicksilver dragon changed into an azure jelly
  4176 | D        | Noticed an emperor scorpion
  4176 | D        | an eleionoma changed into an emperor scorpion
  4177 | D        | Noticed a caustic shrike
  4177 | D        | an acid blob changed into a caustic shrike
  4179 | D        | Noticed a frost giant
  4181 | D        | an emperor scorpion changed into a dire elephant
  4182 | D        | Noticed an iron dragon
  4182 | D        | a caustic shrike changed into an iron dragon
  4184 | D        | Noticed a fenstrider witch
  4184 | D        | a stone giant changed into a fenstrider witch
  4185 | D        | Noticed a storm dragon
  4187 | D        | Noticed an acid blob
  4187 | D        | an iron dragon changed into an acid blob
  4187 | D        | a fenstrider witch changed into an eleionoma
  4188 | D        | Noticed an emperor scorpion
  4188 | D        | a storm dragon changed into an emperor scorpion
  4189 | D        | Noticed an iron giant
  4189 | D        | an acid blob changed into an iron giant
  4189 | D        | Noticed a fire giant
  4189 | D        | an eleionoma changed into a fire giant
  4190 | D        | Noticed a caustic shrike
  4190 | D        | an iron giant changed into a caustic shrike
  4192 | D        | Noticed a storm dragon
  4192 | D        | an emperor scorpion changed into a storm dragon
  4193 | D        | a caustic shrike changed into an alligator snapping turtle
  4193 | D        | a storm dragon changed into a catoblepas
  4193 | D        | Killed a fire giant
  4197 | D        | Noticed an azure jelly
  4197 | D        | an alligator snapping turtle changed into an azure jelly
  4200 | D        | an azure jelly changed into a catoblepas
  4216 | D        | Found the +2 Maxwell's thermic engine {flame, freeze}
  4560 | D        | Found a transporter.
  4569 | D        | Got Ijorr's Almanac of Frigorific Earth
  4573 | D        | Got the ring of Xom's Recklessness {AC+4 Str+3}
  4577 | D        | Got the Almanac of Lightness
  4594 | D        | Entered arena 24.
  4604 | D        | Noticed an ancient champion
  4604 | D        | Noticed a quicksilver elemental
  4604 | D        | Noticed a quicksilver elemental
  4604 | D        | Noticed a caustic shrike
  4604 | D        | Noticed a quicksilver elemental
  4604 | D        | Noticed a Hell Sentinel
  4604 | D        | Noticed a quicksilver elemental
  4604 | D        | Noticed a quicksilver elemental
  4604 | D        | Found the brooch of Shielding {Spirit SH+8}
  4604 | D        | Noticed a Hell Sentinel
  4605 | D        | Noticed an iron giant
  4605 | D        | Noticed a caustic shrike
  4606 | D        | Noticed a quicksilver elemental
  4609 | D        | Upgraded the game from 0.28-a0-1629-gf728b707aa to
                  | 0.29-a0-214-g17f627cfee
  4611 | D        | Killed from afar by a quicksilver elemental

Illustrated notes

Levels and vault maps discovered:
D:        sprint_v [room_start, room_1, room_2, room_3, room_4, room_5, room_6,
          room_7, room_8, room_9, room_10, room_11, room_12, room_13, room_14,
          room_15, room_16, room_17, room_18, room_19, room_20, room_21,
          room_22, room_23, room_24, room_25, room_26, room_27]

Skill      XL: |  1  2  3  4  5  6  7  8  9 10 11 12 13 14 15 |
---------------+----------------------------------------------+-----
Fighting       | 5 6 7 8 9 10 12 13 14 16 18 | 18.1
Short Blades   | 2 5 6 7 8 9 11 12 14 15 17 | 17.5
Long Blades    | 2 5 6 7 8 9 11 12 14 15 17 | 17.5
Axes           | 2 5 6 7 8 9 11 12 14 15 18 | 18.3
Maces & Flails | 2 5 6 7 8 9 11 12 14 15 17 | 17.5
Polearms       | 2 5 6 7 8 9 11 12 14 15 17 | 17.5
Staves         | 2 5 6 7 8 9 11 12 14 15 17 | 17.5
Slings         | 2 5 6 7 8 9 11 12 14 15 18 | 18.3
Bows           | 2 5 6 7 8 9 11 12 14 15 17 | 17.5
Crossbows      | 2 5 6 7 8 9 11 12 14 15 17 | 17.5
Throwing       | 3 5 6 7 8 9 10 11 12 14 16 17 | 17.7
Armour         | 3 5 6 7 8 9 10 11 12 14 16 17 | 17.7
Dodging        | 5 6 7 8 9 10 12 13 14 16 18 | 18.1
Stealth        | 2 5 6 7 8 9 11 12 14 15 17 | 17.5
Shields        | 2 5 6 7 8 9 12 14 17 19 22 | 22.2
Unarmed Combat | 5 6 7 8 9 10 12 13 14 16 18 | 18.1
Spellcasting   | 5 7 8 9 10 12 13 14 16 18 | 18.2
Conjurations   | 1 4 5 6 7 8 9 10 12 13 14 | 14.9
Hexes          | 1 4 5 6 7 8 9 10 12 13 14 | 14.9
Summonings     | 1 4 5 6 7 8 9 10 12 13 14 | 14.9
Necromancy     | 1 4 5 6 7 8 9 10 12 13 14 | 14.9
Transmutations | 1 4 5 6 7 8 9 10 12 13 14 | 14.9
Fire Magic     | 1 4 5 6 7 8 9 10 12 13 14 | 14.9
Ice Magic      | 1 4 5 6 7 8 9 10 12 13 14 | 14.9
Air Magic      | 1 4 5 6 7 8 9 10 12 13 14 | 14.9
Earth Magic    | 1 4 5 6 7 8 9 10 12 13 14 | 14.9
Poison Magic   | 1 4 5 6 7 8 9 10 12 13 14 | 14.9
Invocations    | 2 5 6 7 8 9 10 12 13 15 18 21 | 21.8
Evocations     | 2 5 6 7 8 9 11 12 14 15 17 | 17.5
Translocations | 6 7 8 9 11 13 14 15 | 15.8

Action                   |  1- 3 |  4- 6 |  7- 9 | 10-12 | 13-15 || total
-------------------------+-------+-------+-------+-------+-------++-------
Melee: Demon blade       |       |       |     1 |     6 |       ||     7
       Double sword      |       |       |       |    45 |    62 ||   107
       Bite              |       |       |       |     7 |     7 ||    14
Throw: Boomerang         |       |       |       |     1 |       ||     1
Invok: Receive Corpses   |       |       |       |       |     1 ||     1
Evoke: Wand              |     3 |     5 |     9 |     3 |       ||    20
       Lightning rod     |     1 |     1 |    12 |    39 |    31 ||    84
       Phial of floods   |       |       |       |     9 |     7 ||    16
       Tin of tremorston |       |       |       |     7 |    28 ||    35
       Condenser vane    |       |       |       |     6 |    14 ||    20
       Box of beasts     |       |       |       |     3 |     5 ||     8
       Phantom mirror    |       |       |       |     2 |     6 ||     8
  Use: Potion            |     1 |       |     4 |    16 |    21 ||    42
       Scroll            |       |       |     7 |     9 |     1 ||    17
Armor: Gold dragon scale |       |       |    13 |   148 |   200 ||   361
Dodge: Dodged            |       |     3 |     3 |    14 |    44 ||    64
Block: Buckler           |     4 |     2 |     2 |     7 |       ||    15
       Kite shield       |       |       |       |    12 |       ||    12
       Tower shield      |       |       |       |    64 |   185 ||   249
       Reflection        |       |       |       |       |     5 ||     5

Table legend: (Time is in decaauts)
 A = Elapsed time spent in this place.
 B = Non-inter-level travel time spent in this place.
 C = Inter-level travel time spent in this place.
 D = Time resting spent in this place.
 E = Time spent auto-exploring this place.
 F = Levels seen in this place.
 G = Mean time per level.
                   A        B        C        D        E       F      G
               +--------+--------+--------+--------+--------+-----+--------+
         Total |   4544 |   4544 |      0 |   3194 |     19 |   1 | 4544.0 |
       Dungeon |   4544 |   4544 |      0 |   3194 |     19 |   1 | 4544.0 |
               +--------+--------+--------+--------+--------+-----+--------+

Top non-repeatable levels by time:
       D: 4544 daAuts
